 Dungeon Crawl Stone Soup version 0.28-a0-664-gc179e30c89 (webtiles) character file.

Game seed: 2414157398276000516

1918 KristoblXynda the Slicer (level 9, -4/82 HPs)
             Began as a Kobold Gladiator on Oct 16, 2021.
             Was a Follower of Dithmenos.
             Slain by an orc warrior (15 damage)
             ... in a bailey.
             The game lasted 00:07:17 (6753 turns).

KristoblXynda the Slicer (Kobold Gladiator)         Turns: 6753, Time: 00:07:18

Health: -4/82      AC: 24    Str: 19    XL:     9   Next: 39%
Magic:  9/9        EV:  3    Int: 11    God:    Dithmenos [*.....]
Gold:   237        SH:  0    Dex: 16    Spells: 3/8 levels left

rFire   . . .      SeeInvis .   y - +3 dagger (venom)
rCold   . . .      Faith    .   (shield restricted)
rNeg    . . .      Spirit   .   (armour currently unavailable)
rPois   +          Reflect  .   (helmet currently unavailable)
rElec   .          Harm     .   (cloak currently unavailable)
rCorr   .          Rampage  .   (gloves currently unavailable)
Will    .....      NoTele   +   (boots currently unavailable)
Stlth   ++++++....              (no amulet)
HPRegen 0.23/turn               r - +6 ring of strength
MPRegen 0.11/turn               (no ring)

@: tree-form, wreathed by umbra
A: stationary, stasis, torment immunity, boosted hp, small, no large weapons,
nightstalker 3
a: Renounce Religion


You were in a bailey.
You worshipped Dithmenos.
Dithmenos was aware of your devotion.
You were a tree.
You visited 2 branches of the dungeon, and saw 8 of its levels.
You also visited: Bailey.

You collected 237 gold pieces.

Inventory:

Hand Weapons
 a - a +0 rapier
 y - a +3 dagger of venom (weapon)
Missiles
 d - a throwing net (quivered)
 w - 12 boomerangs
Armour
 c - a +0 helmet (melded)
 i - a +0 ring mail (melded)
Jewellery
 p - an amulet of magic regeneration
 r - a +6 ring of strength (left branch)
 v - a ring of wizardry
Scrolls
 b - a scroll of immolation
 f - a scroll of noise {unknown}
 h - a scroll of silence
 l - a scroll of brand weapon
 o - 2 scrolls of teleportation
 s - a scroll of amnesia
 t - 3 scrolls of fear
Potions
 e - a potion of brilliance {unknown}
 g - a potion of attraction {unknown}
 j - 2 potions of might
 k - 2 potions of heal wounds {unknown}
 m - a potion of haste {unknown}
 n - a potion of curing {unknown}
 q - a potion of invisibility
 u - 2 potions of flight
 x - a potion of lignification


   Skills:
 - Level 6.1 Fighting
 + Level 8.6 Short Blades
 - Level 2.1 Throwing
 + Level 1.7 Armour
 + Level 7.8 Dodging
 + Level 8.2 Stealth


You had 3 spell levels left.
You knew the following spells:

 Your Spells              Type           Power      Damage    Failure   Level
a - Lee's Rapid Deconstr  Erth           0%         3d5*      100%        5

Your spell library contained the following spells:

 Spells                   Type           Power      Damage    Failure   Level
 Sandblast                Erth           0%         2d4       34%         1
 Ensorcelled Hibernation  Hex/Ice        0%         N/A       47%         2
 Passwall                 Tmut/Erth      0%         N/A       47%         2
 Slow                     Hex            0%         N/A       47%         2
 Confusing Touch          Hex            0%         N/A       71%         3
 Stone Arrow              Conj/Erth      0%         3d7       71%         3
 Tukima's Dance           Hex            0%         N/A       71%         3
 Leda's Liquefaction      Hex/Erth       0%         N/A       98%         4
 Borgnjor's Vile Clutch   Necr/Erth      0%         N/A       100%        5
 Yara's Violent Unravell  Hex/Tmut       0%         3d3       100%        5
 Statue Form              Tmut/Erth      0%         N/A       100%        6
 Chain Lightning          Conj/Air       0%         N/A       100%        9
 Fire Storm               Conj/Fire      0%         5d1       100%        9
 Shatter                  Erth           0%         3d5*      100%        9


Dungeon Overview and Level Annotations

Branches:
Dungeon (7/15)             Temple (1/1) D:4          Bailey (1/1)

Altars:
Dithmenos
Elyvilon
Fedhas
Gozag
Hepliaklqana
Kikubaaqudgha
Makhleb
Nemelex Xobeh
Qazlal
Sif Muna
Trog
Uskayaw
Vehumet
Xom
Yredelemnul
Zin
The Shining One

Shops:
D:4 ?

Annotations:
D:4 1 runed translucent door, BlueGoblin's ghost, amateur SpBr


Innate Abilities, Weirdness & Mutations

You are a tree.
Your roots penetrate the ground, keeping you stationary.
You cannot be teleported.
You are immune to unholy pain and torment.
Your maximum health is greatly increased.
Your equipment is partially melded.
You are small and have problems with some larger weapons.
You are completely attuned to the shadows.


Message History

Items here: )) [[ ††††.
You barely miss the orc warrior.
The orc warrior is heavily wounded.
The orc warrior misses you.
You hit the orc warrior.
The orc warrior looks as sick as possible!
The orc warrior is severely wounded.
You hit the orc warrior but do no damage.
The orc warrior looks as sick as possible!
The orc warrior is severely wounded.
The orc warrior hits you with a +0 war axe.
You hit the orc warrior but do no damage.
The orc warrior looks as sick as possible!
The orc warrior is severely wounded.
The orc warrior hits you with a +0 war axe!
* * * LOW HITPOINT WARNING * * *
The orc warrior barely misses you.
You enter the shallow water.
Moving in this stuff is going to be slow.
An orc warrior comes into view. It is wielding a +0 battleaxe.
The orc warrior barely misses you.
You kill the orc warrior!
Dithmenos accepts your kill.
You hit the orc warrior.
The orc warrior is poisoned.
The orc warrior is lightly wounded.
You closely miss the orc warrior.
The orc warrior is lightly wounded.
The orc warrior completely misses you.
It was a potion of lignification.
You turn into a tree.
Your +0 helmet melds into your body.
Your +0 ring mail melds into your body.
Your roots penetrate the ground.
The orc warrior hits you with a +0 battleaxe.
* * * LOW HITPOINT WARNING * * *
You barely miss the orc warrior.
The orc warrior is moderately wounded.
You hit the orc warrior.
The orc warrior looks as sick as possible!
The orc warrior is heavily wounded.
The orc warrior hits you with a +0 battleaxe!
You die...

###.......##
####......∩..#
##.............#
#.........≈≈≈≈≈≈≈≈#
.......≈≈≈≈≈≈≈≈≈≈≈≈≈
......≈≈≈≈≈######
...≈≈≈≈≈≈≈∩# g..
≈≈≈≈≈≈≈)#### gK
≈≈≈..♣).#g.#
.....o###..K^
#....(# +..##
....).# ...⌠...
........ ........


You could see an orc warrior (extremely poisoned).

Vanquished Creatures
  Grinder (D:6)
  An ice beast (D:6)
  A black bear (D:5)
  An orc warrior (Bailey)
  3 ogres
  2 phantoms
  3 scorpions
  A bullfrog (D:6)
  A wyvern zombie (D:6)
  A wyvern skeleton (D:6)
  4 wights (D:6)
  A crimson imp (D:5)
  4 hounds
  A jelly (D:3)
  A scorpion zombie (D:5)
  4 iguanas
  An orc wizard (D:5)
  11 adders
  2 white imps
  An ufetubus (D:5)
  2 worms
  6 orcs
  3 endoplasms
  2 giant cockroaches
  8 hobgoblins
  3 jackals (D:1)
  2 quokkas
  8 ball pythons
  3 bats
  4 frilled lizards
  7 goblins
  10 kobolds
  4 rats
107 creatures vanquished.

Notes
Turn   | Place    | Note
-------+----------+-------------------------------------------
     0 | D:1      | KristoblXynda the Kobold Gladiator began the quest for the
                  | Orb.
     0 | D:1      | Reached XP level 1. HP: 12/12 MP: 1/1
   316 | D:1      | Reached skill level 1 in Stealth
   316 | D:1      | Reached XP level 2. HP: 18/18 MP: 2/2
   802 | D:2      | Reached XP level 3. HP: 22/22 MP: 3/3
  1086 | D:2      | Reached XP level 4. HP: 8/27 MP: 4/4
  1359 | D:2      | Found a faded altar of an unknown god.
  1567 | D:3      | Noticed an ogre
  1577 | D:3      | Killed an ogre
  1578 | D:3      | Reached skill level 5 in Short Blades
  1578 | D:3      | Reached XP level 5. HP: 11/32 MP: 5/5
  1812 | D:3      | Found a shimmering blue altar of Sif Muna.
  2403 | D:3      | Reached XP level 6. HP: 38/38 MP: 6/6
  2660 | D:4      | Reached skill level 5 in Dodging
  3053 | D:4      | Found a white marble altar of Elyvilon.
  3078 | D:4      | Found a staircase to the Ecumenical Temple.
  3107 | Temple   | Entered the Ecumenical Temple
  3151 | Temple   | Became a worshipper of Dithmenos the Shadowed
  3205 | D:4      | Found Gecog's Magic Scroll Boutique.
  3219 | D:4      | Reached XP level 7. HP: 43/43 MP: 7/7
  3238 | D:4      | Found a runed translucent door.
  3240 | D:4      | Noticed BlueGoblin's ghost (amateur SpBr)
  3240 | D:4      | Found the +8 storm bow {elec, penet}
  3437 | D:4      | Got Xelum's Handbook of Earth
  3551 | D:4      | Found an opulent altar of Gozag.
  3758 | D:4      | Noticed a two-headed ogre
  3781 | D:5      | Entered Level 5 of the Dungeon
  3868 | D:5      | Reached skill level 5 in Stealth
  4332 | D:5      | Reached skill level 5 in Fighting
  4332 | D:5      | Reached XP level 8. HP: 49/49 MP: 8/8
  4585 | D:5      | Found a hazy altar of Hepliaklqana.
  4931 | D:5      | Found a burning altar of Makhleb.
  5170 | D:5      | Learned a level 5 spell: Lee's Rapid Deconstruction
  5277 | D:6      | Found a shimmering altar of Xom.
  5618 | D:6      | Noticed Grinder
  5633 | D:6      | Killed Grinder
  5709 | D:6      | Reached * piety under Dithmenos
  5947 | D:6      | Reached XP level 9. HP: 52/54 MP: 9/9
  6227 | D:6      | Reached skill level 1 in Armour
  6656 | D:7      | Found a flagged portal.
  6662 | Bailey   | Entered a bailey
  6753 | Bailey   | Slain by an orc warrior

Illustrated notes

Levels and vault maps discovered:
D:1:      dpeg_arrival_central, layout_basic, amcnicky_mini_corridor_feature,
          chequers_garden
D:2:      layout_rooms, shapermc_ecumenical_altar_mp_highgroup
D:3:      layout_basic, old_standard_altar, minmay_strange_pillars
D:4:      layout_basic, lemuel_round_altar, nicolae_overflow_crystal_walls,
          minmay_temple_entry_glassed_door, ebering_ghost_inner_flame,
          serial_shops, shop
D:5:      layout_loops_ring, nicolae_hepliaklqana_hippocampus,
          makhleb_grotto_becter
D:6:      layout_loops_cross, tgw_xom, uniq_grinder
D:7:      layout_gridville, jmf_multi_god_temple2, nzn_ghost_randoct,
          enter_bailey_1, chequers_serial_rivers_small_3
Temple:   minmay_freezing_vapour_temple
Bailey:   bailey_axe_4, bailey

Skill      XL: |  1  2  3  4  5  6  7  8  9 |
---------------+----------------------------+-----
Stealth        | 1 2 3 4 5 7 8 |  8.2
Dodging        | 4 5 6 7 |  7.8
Fighting       | 3 4 5 6 |  6.1
Short Blades   | 5 6 7 8 |  8.6
Armour         | 1 |  1.7
Throwing       | |  2.1

Action                   |  1- 3 |  4- 6 |  7- 9 || total
-------------------------+-------+-------+-------++-------
Melee: Rapier            |    57 |    88 |   141 ||   286
       Dagger            |       |       |   130 ||   130
Throw: Throwing net      |       |     2 |       ||     2
  Use: Scroll            |       |     2 |     9 ||    11
       Potion            |       |       |     2 ||     2
 Stab: Sleeping          |     9 |    12 |    14 ||    35
       Held in net/web   |       |     2 |       ||     2
       Distracted        |       |     1 |       ||     1
Armor: Leather armour    |     2 |       |       ||     2
       Ring mail         |    14 |    17 |    19 ||    50
Dodge: Dodged            |    46 |    42 |   144 ||   232

Table legend: (Time is in decaauts)
 A = Elapsed time spent in this place.
 B = Non-inter-level travel time spent in this place.
 C = Inter-level travel time spent in this place.
 D = Time resting spent in this place.
 E = Time spent auto-exploring this place.
 F = Levels seen in this place.
 G = Mean time per level.
                   A        B        C        D        E       F      G
               +--------+--------+--------+--------+--------+-----+--------+
         Total |   6675 |   6523 |    152 |   1536 |   4099 |   9 |  741.7 |
       Dungeon |   6551 |   6399 |    152 |   1536 |   4067 |   7 |  935.9 |
        Temple |     49 |     49 |      0 |      0 |     32 |   1 |   49.0 |
        Bailey |     74 |     74 |      0 |      0 |      0 |   1 |   74.0 |
               +--------+--------+--------+--------+--------+-----+--------+

Top non-repeatable levels by time:
     D:5: 1430 daAuts
     D:6: 1370 daAuts
     D:4: 1101 daAuts
     D:3: 1067 daAuts
     D:1: 786 daAuts
     D:2: 766 daAuts
  Bailey: 74 daAuts
  Temple: 49 daAuts
     D:7: 28 daAuts
